 Dungeon Crawl Stone Soup version 0.17-a0-1646-geb1493d (webtiles) character file.

3110 Nakatomy the Archer (level 9, -2/85 HPs)
             Began as a Centaur Hunter on Aug 11, 2015.
             Slain by an orc warrior
             ... wielding a +0 glaive
              (16 damage)
             ... on level 8 of the Dungeon.
             The game lasted 00:51:26 (10952 turns).

Nakatomy the Archer (Centaur Hunter)               Turns: 10952, Time: 00:51:26

Health: -2/85      AC: 11    Str: 16    XL:     9   Next: 60%
Magic:  9/9        EV: 10    Int: 10    God:
Gold:   344        SH:  0    Dex: 12    Spells: 0 memorised, 8 levels left

rFire  . . .     SeeInvis .     b - +0 short sword
rCold  . . .     Clarity  .     v - +2 robe {MR+}
rNeg   . . .     SustAt   .     (no shield)
rPois  .         Gourm    .     w - +2 hat
rElec  .         Spirit   .     (no cloak)
rCorr  .         Warding  .     o - +2 pair of gloves
rMut   +         Stasis   .     (no barding)
MR     ++...                    j - amulet of resist mutation
Stlth  +.........               (no ring)
                                x - ring of protection from magic

@: very quick, very resistant to hostile enchantments, very unstealthy
A: hooves 3, deformed body, speed 2, tough skin 3
a: no special abilities


You were on level 8 of the Dungeon.
You were hungry.

You visited 2 branches of the dungeon, and saw 9 of its levels.
You also visited: Ossuary.

You collected 344 gold pieces.

Inventory:

Hand weapons
 a - a +4 shortbow
 b - a +0 short sword (weapon)
Missiles
 c - 43 arrows
Armour
 d - a +0 leather armour
 o - a +2 pair of gloves (worn)
 u - a +3 chain mail
 v - a +2 robe of magic resistance (worn)
 w - a +2 hat (worn)
Jewellery
 i - an uncursed amulet of guardian spirit
 j - an amulet of resist mutation (around neck)
 x - a ring of protection from magic (left hand)
 I - an uncursed ring of protection from cold {unknown}
Magical devices
 s - a wand of polymorph (14)
 A - a wand of cold (9)
 H - a wand of random effects (24)
 L - a wand of magic darts (37)
 M - a wand of polymorph (14)
Scrolls
 k - a scroll of immolation
 m - 2 scrolls of teleportation
 n - 6 scrolls of identify
 y - a scroll of amnesia
 z - 4 scrolls of remove curse
 C - 3 scrolls of enchant armour
 K - a scroll of silence {unknown}
 N - a scroll of fear {unknown}
Potions
 g - 2 potions of heal wounds {unknown}
 h - a potion of agility
 l - 4 potions of might
 p - a potion of haste {unknown}
 q - 2 potions of brilliance {unknown}
 r - a potion of curing
 t - 3 potions of flight {unknown}
 D - a potion of ambrosia {unknown}
 E - a potion of lignification {unknown}
 F - a potion of poison {unknown}
 G - a potion of mutation {unknown}
Books
 f - a book of Envenomations

   Spells                             Type                      Level
   a - Spider Form                    Transmutation/Poison         3
   b - Alistair's Intoxication        Transmutation/Poison         4
   c - Olgreb's Toxic Radiance        Poison                       4
   d - Poisonous Cloud                Conjuration/Poison/Air       6
Comestibles
 e - 5 bread rations
 B - 2 meat rations
 J - 3 chunks of flesh


   Skills:
 - Level 10.2 Fighting
 + Level 12.5 Bows
 - Level 1.3 Dodging
 - Level 0.5 Stealth


You had 8 spell levels left.
You didn't know any spells.

Dungeon Overview and Level Annotations

Branches:
Dungeon (8/15)             Temple (1/1) D:4
   Lair: D:8-11

Altars:
Ashenzari
Cheibriados
Dithmenos
Elyvilon
Fedhas
Gozag
Kikubaaqudgha
Makhleb
Nemelex Xobeh
Qazlal
Ru
Sif Muna
Trog
Vehumet
Xom
Yredelemnul
Zin
The Shining One

Annotations:
D:5 exclusion: door


Innate Abilities, Weirdness & Mutations

You have hooves in place of feet.
Armour fits poorly on your strangely shaped body.
You cover ground very quickly.
You have extremely tough skin (AC +3).


Message History

The orc warrior is almost dead.
The orc barely misses you.
The orc warrior hits you but does no damage.
You hit the orc warrior but do no damage.
The orc warrior is almost dead.
The orc closely misses you. The orc warrior barely misses you.
You hit the orc warrior but do no damage.
The orc warrior is almost dead.
The orc hits you but does no damage.
You hit the orc warrior but do no damage.
The orc warrior is almost dead.
The orc warrior hits you with a glaive.
* * * LOW HITPOINT WARNING * * *
The orc closely misses you.
You hit the orc warrior but do no damage.
You kick the orc warrior, but do no damage.
The orc warrior is almost dead.
You are feeling hungry.
The orc warrior hits you with a glaive!
You die...

#.. . #.# # #.# # #.#
#. #.# #. ####.#
#.###.### ##.##.# #
#.......######...#.# #.
....(...)o@oo....<.## .
.....#.####.....)..#.#
.....o................#
......#.####........#.#
......#.#
.....#...##... #....
..##.###...### #.#
#.##. ####. ##.## .# #
# # #.. # #.


You could see an orc warrior and 2 orcs.

Vanquished Creatures
  Grinder (D:4)
  2 wyverns (D:8)
  Edmund (D:5)
  A water moccasin (D:6)
  A sky beast (D:4)
  An orc warrior (D:4)
  2 centaurs (D:8)
  The ghost of LilCorpsy the Poker, an average MfGl (D:3)
  3 ogres
  2 elf zombies (Ossuary)
  A giant frog (D:7)
  A big kobold (D:5)
  2 elf skeletons (D:5)
  A scorpion (D:6)
  2 hounds
  A giant frog zombie (D:7)
  A crimson imp (D:5)
  2 human zombies (D:5)
  5 orc priests
  2 centaur zombies (Ossuary)
  A giant frog skeleton (D:4)
  2 human skeletons (D:5)
  Jessica (D:2)
  2 gnoll shamans
  7 orc wizards
  An iguana (D:7)
  5 worker ants
  2 big kobold zombies (Ossuary)
  2 mummies (Ossuary)
  A hound skeleton (D:5)
  12 gnolls
  6 adders
  2 oozes (D:1)
  3 adder skeletons
  An adder zombie (Ossuary)
  A worm (D:2)
  A giant gecko (D:3)
  27 orcs
  8 hobgoblins
  9 jackals
  3 quokkas
  4 ball pythons
  6 bats
  11 giant cockroaches
  A giant gecko skeleton (D:5)
  3 giant newts
  5 goblins
  A goblin zombie (Ossuary)
  7 hobgoblin zombies (Ossuary)
  A jackal zombie (Ossuary)
  6 kobolds
  11 kobold zombies (Ossuary)
  8 orc zombies (Ossuary)
  2 quokka skeletons (D:5)
  A quokka zombie (D:6)
  A rat (D:2)
  A rat zombie (Ossuary)
199 creatures vanquished.

Vanquished Creatures (others)
  An orc (D:5)
1 creature vanquished.

Grand Total: 200 creatures vanquished

Notes
Turn   | Place    | Note
--------------------------------------------------------------
     0 | D:1      | Nakatomy the Centaur Hunter began the quest for the Orb.
     0 | D:1      | Reached XP level 1. HP: 17/17 MP: 1/1
   221 | D:1      | Reached XP level 2. HP: 22/24 MP: 2/2
   285 | D:1      | Reached skill level 6 in Bows
  1445 | D:2      | Reached XP level 3. HP: 29/29 MP: 3/3
  1661 | D:2      | Noticed Jessica
  1668 | D:2      | Killed Jessica
  1668 | D:2      | Reached skill level 7 in Bows
  1687 | D:2      | Reached XP level 4. HP: 33/36 MP: 4/4
  1990 | D:2      | Found a burning altar of Makhleb.
  2204 | D:2      | Found a white marble altar of Elyvilon.
  2210 | D:2      | Found a deep blue altar of Sif Muna.
  2211 | D:2      | Found an ancient bone altar of Kikubaaqudgha.
  2244 | D:3      | Noticed an ogre
  2405 | D:3      | Reached skill level 8 in Bows
  2432 | D:3      | Reached XP level 5. HP: 29/41 MP: 5/5
  2605 | D:3      | Noticed LilCorpsy's ghost (average MfGl)
  2644 | D:3      | Killed LilCorpsy's ghost
  2644 | D:3      | Reached skill level 9 in Bows
  2683 | D:3      | Found a shadowy altar of Dithmenos.
  2776 | D:3      | Reached XP level 6. HP: 48/48 MP: 6/6
  2838 | D:3      | Killed an ogre
  2838 | D:3      | Reached skill level 10 in Bows
  2907 | D:3      | HP: 2/48 [orc priest/divine providence (16)]
  3812 | D:4      | Found a staircase to the Ecumenical Temple.
  3824 | Temple   | Entered the Ecumenical Temple
  3938 | D:4      | Noticed Grinder
  4003 | D:4      | Killed Grinder
  4003 | D:4      | Reached XP level 7. HP: 29/60 MP: 7/7
  4269 | D:4      | Reached skill level 5 in Fighting
  4941 | D:5      | Entered Level 5 of the Dungeon
  5120 | D:5      | Reached XP level 8. HP: 71/71 MP: 8/8
  5382 | D:5      | Found a sand-covered staircase.
  5477 | Ossuary  | Entered an ossuary
  6239 | D:5      | Noticed Edmund
  6321 | D:5      | Killed Edmund
  6507 | D:5      | Reached XP level 9. HP: 61/85 MP: 9/9
  7015 | D:6      | Reached skill level 10 in Fighting
  9995 | D:8      | Reached skill level 11 in Bows
 10018 | D:8      | Found a glowing silver altar of Zin.
 10286 | D:8      | Reached skill level 12 in Bows
 10942 | D:8      | HP: 3/85 [orc warrior/glaive (12)]
 10952 | D:8      | Slain by an orc warrior

Vault maps used:
D:1:      mrwooster_arrival_statue, minmay_crystal_room
D:2:      minitemple, bloody_makhleb, uniq_jessica
D:3:      grunt_dithmenos_smoke
D:4:      minmay_temple_entry_nine_rooms, uniq_grinder
D:5:      first_bread, nicolae_ossuary_entry_catacombs, uniq_edmund
D:8:      okawaru_trees_1, kennysheep_little_box, grunt_pizzeria,
          hangedman_feature_mirror, uniq_prince_ribbit1, uniq_psyche
Temple:   circular_temple_12
Ossuary:  ossuary_tomb_1

Action                   |  1- 3 |  4- 6 |  7- 9 || total
-------------------------+-------+-------+-------++-------
Melee: Short sword       |    84 |    92 |   371 ||   547
 Fire: Shortbow          |    17 |   112 |   477 ||   606
  Use: Scroll            |       |       |    11 ||    11
       Potion            |       |       |     2 ||     2
  Eat: Chunk             |     1 |     6 |    13 ||    20
       Meat ration       |       |       |     1 ||     1
